 Dungeon Crawl Stone Soup version 0.20-a0-492-g6327889 (webtiles) character file.

11298 Goblin1989 the Carver (level 11, -6/78 HPs)
             Began as a Barachian Gladiator on Jan 15, 2017.
             Was a Believer of Hepliaklqana.
             Mangled by a wolf (9 damage)
             ... on level 2 of the Lair of Beasts.
             The game lasted 00:35:37 (13227 turns).

Goblin1989 the Carver (Barachian Gladiator)        Turns: 13227, Time: 00:35:38

Health: -6/78      AC:  6    Str: 21    XL:     11   Next: 75%
Magic:  13/13      EV: 16    Int: 10    God:    Hepliaklqana [**....]
Gold:   292        SH:  3    Dex: 12    Spells: 10/10 levels left

rFire    . . .     SeeInvis +   b - +5 falchion of Waodgh {slice, Str+5 Int+3 Stlth-}
rCold    . . .     Gourm    .   O - +0 troll leather armour
rNeg     . . .     Faith    .   (no shield)
rPois    .         Spirit   .   c - +0 helmet
rElec    .         Reflect  +   (no cloak)
rCorr    +         Harm     .   (no gloves)
MR       .....                  (no boots)
Stlth    ..........             e - +3 amulet of reflection
Regen    0.6/turn               g - ring of resist corrosion
                                s - ring of see invisible

@: can't hop, slow
A: swims, reduced essence, slowness 1, strong legs 1
a: Hop, Recall Ancestor, Ancestor Identity, Renounce Religion


You were on level 2 of the Lair of Beasts.
You worshipped Hepliaklqana.
Hepliaklqana was pleased with you.
You were not hungry.

You visited 3 branches of the dungeon, and saw 13 of its levels.

You collected 447 gold pieces.
You spent 155 gold pieces at shops.

Inventory:

Hand Weapons
 a - a +1 scimitar of flaming
 b - the +5 falchion of Waodgh (weapon) {slice, Str+5 Int+3 Stlth-}
   (You found it on level 4 of the Dungeon)

   It inflicts extra damage upon your enemies.
   It affects your strength (+5).
   It affects your intelligence (+3).
   It makes you less stealthy.
Missiles
 Z - 2 throwing nets (quivered) {=f, !d}
Armour
 c - a +0 helmet (worn)
 d - a +0 pair of boots
 O - a +0 troll leather armour (worn)
Jewellery
 e - a +3 amulet of reflection (around neck)
 g - a ring of resist corrosion (right hand)
 s - a ring of see invisible (left hand)
Wands
 E - a wand of enslavement (6/24)
 J - a wand of disintegration (24/24)
Scrolls
 w - 6 scrolls of remove curse {@r2}
 B - a scroll of blinking
 F - 2 scrolls of amnesia
 G - a scroll of recharging
 K - a scroll of fog
 R - 4 scrolls of identify {@r1}
 T - 3 scrolls of teleportation {!r, @r4}
Potions
 n - 2 potions of cure mutation {!q}
 p - 2 potions of curing {@q1}
 u - a potion of cancellation
 v - a potion of agility
 z - a potion of berserk rage {!q}
 A - 2 potions of lignification {!q}
 H - a potion of heal wounds {!q, @q2}
 N - a potion of resistance
Books
 I - a book of Air

   Spells                             Type                      Level
   a - Shock                          Conjuration/Air              1
   b - Swiftness                      Charms/Air                   2
   c - Repel Missiles                 Charms/Air                   2
   d - Static Discharge               Conjuration/Air              3
   e - Lightning Bolt                 Conjuration/Air              5
 L - a book of Cantrips

   Spells                             Type                      Level
   a - Confusing Touch                Hexes                        1
   b - Animate Skeleton               Necromancy                   1
   c - Summon Small Mammal            Summoning                    1
   d - Apportation                    Translocation                1
Comestibles
 f - 13 bread rations {@e1}
 h - a chunk of flesh {@w0}
 i - a royal jelly
 o - 2 slices of pizza
 q - 2 meat rations {@e2}
 x - 9 beef jerkies


   Skills:
 + Level 8.8 Fighting
 - Level 14.0 Long Blades
 - Level 1.7 Throwing
 - Level 6.0 Armour
 + Level 8.7 Dodging
 - Level 3.0 Invocations


You had 10 spell levels left.
You didn't know any spells.

Dungeon Overview and Level Annotations

Branches:
Dungeon (10/15)            Temple (1/1) D:5            Lair (2/6) D:9
    Orc (0/2) D:10
  Swamp: Lair:2-4    Shoals: Lair:2-4     Snake: Lair:2-4    Spider: Lair:2-4

Altars:
Ashenzari
Cheibriados
Dithmenos
Elyvilon
Fedhas
Gozag
Hepliaklqana
Kikubaaqudgha
Makhleb
Nemelex Xobeh
Okawaru
Qazlal
Ru
Trog
Uskayaw
Vehumet
Xom
The Shining One

Shops:
D:5 [!(!   D:7 (


Innate Abilities, Weirdness & Mutations

You can swim through water.
You cover ground slowly.
You can hop short distances.
Your life essence is reduced. (-10% HP)


Message History

You barely miss the wolf.
The wolf is moderately wounded.
The wolf bites you.
* * * LOW HITPOINT WARNING * * *
A bullfrog comes into view.
You take 1 damage, and have 5/78 hp.
You hit the wolf.
The wolf is moderately wounded.
The wolf bites you.
* * * LOW HITPOINT WARNING * * *
The wolf barely misses you.
A black mamba comes into view.
You take 3 damage, and have 2/78 hp.
Unknown command.
You slash the wolf!
The wolf is almost dead.
The wolf closely misses you.
You riposte.
You hit the wolf.
The wolf is moderately wounded.
The wolf bites you!
You die...

.......█
......█ .
██...F.███ ..
█......█.█.█.
██............
██PP...........
........h......
.......@hh..S..
...............
........(......
....█.███.██...
... ██ ██ .. ..
. .


You could see a black mamba, 3 wolves and a bullfrog.

Vanquished Creatures
  A two-headed ogre (D:8)
  The ghost of Feta the Grappler, a novice TrMo of Hepliaklqana (D:8)
  2 unseen horrors (D:10)
  A centaur skeleton (D:10)
  A troll (D:8)
  A hippogriff (D:9)
  A wraith (D:10)
  4 yaks (D:8)
  A hungry ghost (D:10)
  A water moccasin (D:9)
  A porcupine (Lair:1)
  3 black bears
  2 ice beasts (D:9)
  4 sky beasts
  4 orc warriors
  An eye of draining (D:10)
  5 ogres
  3 phantoms
  4 centaurs
  2 crocodiles (Lair:1)
  5 bullfrogs
  A scorpion (D:7)
  6 killer bees (D:9)
  2 wights (D:10)
  3 crimson imps
  2 bullfrog zombies
  6 orc priests
  A hound (D:6)
  2 jellies
  A bullfrog skeleton (D:5)
  Terence (D:2)
  3 iguanas
  7 orc wizards
  3 worker ants
  A hound zombie (D:6)
  5 ogre zombies (D:10)
  5 gnolls
  13 adders
  A shadow imp (D:8)
  2 oozes
  3 worms
  3 dart slugs
  6 leopard geckos
  36 orcs
  7 giant cockroaches
  11 goblins
  8 hobgoblins
  12 jackals
  8 kobolds
  6 quokkas
  3 ball pythons
  8 bats
  9 frilled lizards
  3 goblin skeletons (D:10)
  2 goblin zombies (D:10)
  3 hobgoblin zombies (D:10)
  A jackal skeleton (D:4)
  An orc skeleton (D:10)
  10 orc zombies (D:10)
  A quokka skeleton (D:5)
  10 rats
264 creatures vanquished.

Vanquished Creatures (collateral kills)
  2 two-headed ogres
  Joseph (D:9)
  A centaur skeleton (D:10)
  A wyvern (D:10)
  A hungry ghost (D:10)
  A black bear (D:7)
  2 sky beasts (D:7)
  A crocodile (Lair:1)
  3 bullfrogs
  A scorpion (D:10)
  A wight (D:10)
  An orc priest (D:9)
  2 bullfrog skeletons
  An iguana (D:6)
  A worker ant (D:9)
  An ogre zombie (D:10)
  2 orcs (D:9)
  2 jackals
25 creatures vanquished.

Vanquished Creatures (others)
  2 knights
  2 ancestors (D:8)
4 creatures vanquished.

Grand Total: 293 creatures vanquished

Notes
Turn   | Place    | Note
-------+----------+-------------------------------------------
     0 | D:1      | Goblin1989 the Barachian Gladiator began the quest for the Orb.
     0 | D:1      | Reached XP level 1. HP: 16/16 MP: 1/1
   267 | D:1      | Reached XP level 2. HP: 22/22 MP: 2/2
   303 | D:1      | Reached skill level 4 in Long Blades
   751 | D:1      | Reached XP level 3. HP: 27/27 MP: 3/3
  1230 | D:2      | Noticed Terence
  1237 | D:2      | Killed Terence
  1237 | D:2      | Reached skill level 5 in Long Blades
  1237 | D:2      | Reached XP level 4. HP: 20/33 MP: 4/4
  1427 | D:2      | Found a burning altar of Makhleb.
  1439 | D:2      | Found a white marble altar of Elyvilon.
  1446 | D:2      | Found a hide-covered altar of Uskayaw.
  2076 | D:2      | Reached skill level 6 in Long Blades
  2152 | D:2      | Reached XP level 5. HP: 38/38 MP: 5/5
  4222 | D:4      | Got an iridescent falchion
  4223 | D:4      | Identified the +5 falchion of Waodgh {slice, Str+5 Int+3 Stlth-} (You found it on level 4 of the Dungeon)
  4259 | D:4      | Reached skill level 7 in Long Blades
  4635 | D:4      | Reached XP level 6. HP: 40/44 MP: 6/6
  5475 | D:5      | Entered Level 5 of the Dungeon
  5496 | D:5      | Reached skill level 8 in Long Blades
  5522 | D:5      | Found Huosoaps's Armour Shop.
  5635 | D:5      | Reached XP level 7. HP: 50/50 MP: 7/7
  5667 | D:5      | Found Lelor's Weapon Emporium.
  5671 | D:5      | Bought a +0 scimitar of flaming for 119 gold pieces
  5676 | D:5      | Found Dacae's Distillery.
  5681 | D:5      | Bought a potion of curing for 36 gold pieces
  5744 | D:5      | Reached skill level 9 in Long Blades
  6035 | D:5      | Reached skill level 10 in Long Blades
  6215 | D:5      | Found a staircase to the Ecumenical Temple.
  6222 | Temple   | Entered the Ecumenical Temple
  6249 | Temple   | Became a worshipper of Hepliaklqana the Forgotten
  6288 | D:5      | Reached XP level 8. HP: 40/50 MP: 8/8
  6362 | D:5      | Found Rayzy's Distillery.
  6409 | D:5      | Found an iron altar of Okawaru.
  6632 | D:5      | Reached skill level 11 in Long Blades
  6963 | D:6      | Reached skill level 1 in Armour
  7655 | D:7      | Reached XP level 9. HP: 41/56 MP: 9/9
  7707 | D:7      | Found a sacrificial altar of Ru.
  7768 | D:7      | Reached * piety under Hepliaklqana
  7913 | D:7      | Found Gucaf's Antique Weapon Boutique.
  8440 | D:7      | Reached skill level 12 in Long Blades
  8641 | D:8      | Found a hazy altar of Hepliaklqana.
  8663 | D:8      | Noticed Feta's ghost (novice TrMo)
  8689 | D:8      | Killed Feta's ghost
  8689 | D:8      | Reached skill level 5 in Dodging
  9165 | D:8      | Noticed a troll
  9419 | D:8      | Reached skill level 5 in Fighting
  9419 | D:8      | Reached XP level 10. HP: 66/66 MP: 10/10
  9770 | D:9      | Noticed a two-headed ogre
  9777 | D:9      | Killed a two-headed ogre
  9777 | D:9      | Reached skill level 13 in Long Blades
  9777 | D:9      | Reached skill level 5 in Armour
  9796 | D:9      | Found a staircase to the Lair.
  9827 | D:9      | Noticed Joseph
  9844 | D:9      | HP: 3/68 [Joseph/uncursed quarterstaff of draining (3)]
  9854 | D:9      | Killed Joseph
 10720 | D:8      | Noticed a two-headed ogre
 11394 | D:9      | Found an opulent altar of Gozag.
 11395 | D:9      | Found a sparkling altar of Nemelex Xobeh.
 11660 | D:8      | Killed a two-headed ogre
 11660 | D:8      | Reached skill level 14 in Long Blades
 11660 | D:8      | Reached XP level 11. HP: 41/74 MP: 11/11
 11951 | D:10     | Entered Level 10 of the Dungeon
 12016 | D:10     | Noticed an unseen horror
 12032 | D:10     | Killed an unseen horror
 12032 | D:10     | Reached skill level 1 in Invocations
 12129 | D:10     | Reached ** piety under Hepliaklqana
 12145 | D:10     | Remembered your ancestor Senakhtenre as a knight
 12412 | D:10     | Found a stormy altar of Qazlal.
 12464 | D:10     | Found a staircase to the Orcish Mines.
 12527 | D:10     | Noticed an unseen horror
 12535 | D:10     | Noticed a two-headed ogre
 12542 | D:10     | Killed an unseen horror
 12630 | D:10     | Killed a two-headed ogre
 13108 | Lair:1   | Entered Level 1 of the Lair of Beasts
 13226 | Lair:2   | HP: 2/78 [wolf (3)]
 13227 | Lair:2   | Mangled by a wolf

Vault maps used:
D:1:      nagdon_arrival_double_spiral
D:2:      minmay_overflow_temple_star_quad, uniq_terence
D:3:      first_bread
D:4:      cheibrodos_quashed, hangedman_abyss_or_decor_stabs
D:5:      okawaru_altar_gauntlet_db, serial_shops, kennysheep_little_box,
          nicolae_shop_crystal, shop, shop
D:7:      serial_shops, nicolae_shop_crystal, basic_altar, grunt_ogre_cave
D:8:      basic_altar, minmay_tree_intersection, nrook_pool_corridor
D:9:      grunt_temple_overflow_opulence, lair_entry_dummy, uniq_joseph
D:10:     zombieorc1_lemuel, nicolae_qazlal_eye_of_the_storm
Temple:   eino_wide_crystal_templ
Lair:1:   portal_ice_cave_demonic_guard
Lair:2:   beast_lair_carwin_7, uniq_gastronok

Skill      XL: |  1  2  3  4  5  6  7  8  9 10 11 |
---------------+----------------------------------+-----
Long Blades    | 4 5 6 7 8 10 11 12 14 | 14.0
Armour         | 2 4 6 |  6.0
Fighting       | 3 5 6 8 |  8.8
Dodging        | 5 6 8 |  8.7
Invocations    | 3 |  3.0
Throwing       | |  1.7

Action                   |  1- 3 |  4- 6 |  7- 9 | 10-12 || total
-------------------------+-------+-------+-------+-------++-------
Melee: Long sword        |    71 |   190 |       |       ||   261
       Falchion          |       |    70 |   232 |   367 ||   669
Throw: Throwing net      |       |     1 |     2 |     5 ||     8
Invok: Recall Ancestor   |       |       |     2 |     1 ||     3
       Ancestor Life: Kn |       |       |       |     1 ||     1
 Abil: Hop               |       |       |     2 |     2 ||     4
Evoke: Wand              |       |       |       |     2 ||     2
  Use: Potion            |       |     3 |     8 |     2 ||    13
       Scroll            |       |       |       |    19 ||    19
 Stab: Sleeping          |     1 |       |       |       ||     1
       Invisible         |       |     3 |       |       ||     3
       Held in net/web   |       |       |       |     1 ||     1
       Distracted        |       |       |       |     2 ||     2
  Eat: Chunk             |     1 |    16 |    13 |    16 ||    46
Armor: Leather armour    |    28 |    61 |    25 |       ||   114
       Ring mail         |       |       |     1 |    27 ||    28
       Troll leather arm |       |       |       |    19 ||    19
Dodge: Dodged            |    50 |   184 |   134 |   168 ||   536
Block: Other             |       |       |       |     6 ||     6
       Rpst.: Long sword |    19 |    50 |       |       ||    69
       Falchion          |       |    17 |    40 |    47 ||   104

Vault maps used:
D:1:      nagdon_arrival_double_spiral
D:2:      minmay_overflow_temple_star_quad, uniq_terence
D:3:      first_bread
D:4:      cheibrodos_quashed, hangedman_abyss_or_decor_stabs
D:5:      okawaru_altar_gauntlet_db, serial_shops, kennysheep_little_box,
          nicolae_shop_crystal, shop, shop
D:7:      serial_shops, nicolae_shop_crystal, basic_altar, grunt_ogre_cave
D:8:      basic_altar, minmay_tree_intersection, nrook_pool_corridor
D:9:      grunt_temple_overflow_opulence, lair_entry_dummy, uniq_joseph
D:10:     zombieorc1_lemuel, nicolae_qazlal_eye_of_the_storm
Temple:   eino_wide_crystal_templ
Lair:1:   portal_ice_cave_demonic_guard
Lair:2:   beast_lair_carwin_7, uniq_gastronok
